Map: Orbital Shipyard

Players

TomBanebadil - Winner!

  • Race: Terran Terran
  • League: Gold

Nicinicins

  • Race: Protoss Protoss
  • League: Silver

VOD

Have the link to the VOD?

Description

We have all seen that. You know you are going to win so you do not care that much about your base...

Time

  • Played on: Feb. 20, 2016, 9:53 a.m.
  • Length: 14:20
Show
View Real Time Build Order
Export as new Build Order

TomBanebadil Terran - Winner!

Build Orders: Reaper Expand 

Get SALT Encoding   

  12  0:02  SCV  
  13  0:14  SCV  
  14  0:17  Supply Depot  
  14  0:26  SCV  
  15  0:39  Barracks, SCV  
  16  0:45  Refinery  
  16  0:51  SCV  
  17  1:03  SCV  
  18  1:15  SCV  
  19  1:27  Orbital Command  
  19  1:31  Reaper  
  20  1:41  Command Center  
  20  1:56  SCV  
  21  2:06  Factory  
  21  2:08  Marine  
  21  2:13  SCV  
  23  2:18  Supply Depot  
  23  2:28  Refinery  
  23  2:39  Marine, SCV  
  23  2:40  Supply Depot  
  25  2:51  SCV  
  25  2:55  SCV  
  27  3:00  Factory Tech Lab  
  27  3:02  Starport  
  27  3:04  SCV  
  28  3:07  SCV  
  29  3:16  SCV  
  29  3:19  SCV  
  31  3:20  Marine  
  32  3:28  SCV  
  32  3:31  SCV  
  34  3:38  Marine  
  34  3:40  SCV  
  19  4:12  Liberator  
  19  4:22  Command Center  
  9  11:37  Refinery  
Show
View Real Time Build Order
Export as new Build Order

Nicinicins Protoss 

Build Orders:  

Get SALT Encoding   

  12  0:01  Probe (Chrono Boost)  
  13  0:11  Probe (Chrono Boost)  
  14  0:19  Pylon  
  14  0:22  Probe (Chrono Boost)  
  15  0:38  Probe (Chrono Boost)  
  15  0:40  Gateway  
  16  0:48  Gateway  
  16  1:04  Gateway  
  16  1:09  Gateway  
  16  1:19  Pylon  
  16  1:23  Pylon  
  16  1:29  Zealot  
  18  1:36  Zealot  
  20  1:51  Zealot (Chrono Boost)  
  22  1:57  Zealot x2 (Chrono Boost)  
  26  2:05  Zealot (Chrono Boost)  
  28  2:18  Zealot (Chrono Boost)  
  30  2:27  Zealot (Chrono Boost)  
  34  2:31  Zealot (Chrono Boost)  
  34  2:36  Zealot (Chrono Boost)  
  36  2:42  Zealot (Chrono Boost)  
  38  2:55  Zealot (Chrono Boost)  
  39  3:06  Zealot (Chrono Boost)  
  39  3:07  Pylon  
  39  3:09  Pylon  
  38  3:14  Zealot (Chrono Boost)  
  38  3:21  Zealot (Chrono Boost)  
  30  8:01  Probe  
  31  8:17  Pylon  
Tags
 
Add a new tag
Caveats
  • Supply blocks, unpowered buildings, or Contaminate may cause inaccurate times.
  • Supply counts are checked every 10 seconds.